 Dungeon Crawl Stone Soup version bcrawl-1.28 (webtiles) character file.

Game seed: 5347975581809278217

573113 Trollboi the Fighter (level 12, -13/186 HPs)
             Began as a Troll Berserker on Dec 8, 2020.
             Was a High Priest of Trog.
             Mangled by a white ugly thing (51 damage)
             ... on level 11 of the Dungeon.
             The game lasted 00:40:10 (9194 turns).

Trollboi the Fighter (Troll Berserker)              Turns: 9194, Time: 00:40:11

Health: -13/186    AC: 11    Str: 41    XL:     12   Next: 52%
Magic:  13/13      EV: 15    Int:  4    God:    Trog [*****.]
Gold:   738        SH:  0    Dex: 19    Spells: 11/11 levels left

rFire    + . .     SeeInvis +   d - +5 halberd of Brutal Revenge {chop, Dex+6 SInv Stlth-}
rCold    x . .     Gourm    +   (shield currently unavailable)
rNeg     . . .     Faith    .   (armour unavailable)
rPois    .         Spirit   .   F - +1 hat {SInv}
rElec    .         Reflect  .   w - +0 cloak
rCorr    .         Harm     .   (gloves unavailable)
MR       .....                  (boots unavailable)
Stlth    ..........             (no amulet)
HPRegen  1.21/turn              n - +4 ring of dexterity
MPRegen  0.13/turn              j - ring "Bowumus" {Fire Str+4}

@: berserking, heavily drained, very quick
A: large, almost no armour, claws 3, fast metabolism 3, gourmand, regeneration
2, AC +9
a: Berserk, Trog's Hand, Brothers in Arms, Renounce Religion


You were on level 11 of the Dungeon.
You worshipped Trog.
Trog was extremely pleased with you.
You were full.

You visited 2 branches of the dungeon, and saw 12 of its levels.

You collected 829 gold pieces.
You spent 91 gold pieces at shops.

Inventory:

Hand Weapons
 d - the +5 halberd of Brutal Revenge (weapon) {chop, Dex+6 SInv Stlth-}
   (You found it on level 9 of the Dungeon)

   It will always inflict at least some extra damage.
   This minimum extra damage increases with your current reserve of magical
   power.
   It affects your dexterity (+6).
   It lets you see invisible.
   It makes you less stealthy.
 I - a +3 antimagic executioner's axe
Missiles
 f - 1554 stones
 o - 52 large rocks
 s - 378 poisoned needles
 B - 912 arrows
 G - 103 javelins (quivered)
Armour
 w - a +0 cloak (worn)
 F - a +1 hat of see invisible (worn)
 J - a +0 medium shield
Jewellery
 j - the ring "Bowumus" (right claw) {Fire Str+4}
   (You took it off a kobold on level 2 of the Dungeon)

   [ring of fire]

   It enhances your fire magic.
   It affects your strength (+4).
   It protects you from fire.
   It makes you vulnerable to cold.
 n - a +4 ring of dexterity (left claw)
 D - an uncursed ring of insulation
Wands
 x - a wand of enslavement (12)
 C - a wand of polymorph (11)
 E - a wand of flame (20)
Scrolls
 a - a scroll of vulnerability {unknown}
 b - 3 scrolls of noise
 k - 2 scrolls of immolation
 l - 5 scrolls of magic mapping
 r - 4 scrolls of teleportation
 v - a scroll of remove curse
 y - a scroll of fog
 A - a scroll of enchant weapon {unknown}
Potions
 g - a potion of ambrosia {unknown}
 h - 5 potions of might
 i - 2 potions of invisibility
 m - 7 potions of curing
 p - 2 potions of lignification {unknown}
 q - 3 potions of brilliance
 t - a potion of mutation {unknown}
 u - a potion of flight
 H - 2 potions of agility {unknown}
Comestibles
 e - 24 rations {!d}


   Skills:
 + Level 9.4(7.0) Fighting
 * Level 7.2(5.0) Polearms
 - Level 7.0(4.8) Throwing
 + Level 8.9(6.6) Dodging
 - Level 9.1(6.8) Unarmed Combat
 - Level 3.5(1.5) Evocations


You had 11 spell levels left.
You didn't know any spells.
Your spell library was empty.

Dungeon Overview and Level Annotations

Branches:
Dungeon (11/12)            Temple (0/1) D:5            Lair (0/6) D:9
    Orc (1/1) D:10
    Elf: Orc:1       Vaults: D:11-12

Altars:
Dithmenos
Makhleb
Okawaru
The Shining One

Shops:
D:5 }   D:6 =   D:7 *

Annotations:
D:9 3 runed translucent doors, Artagas's ghost, novice DsGl


Innate Abilities, Weirdness & Mutations

You cannot wear most types of armour.
Your thick skin is tough. (AC +9)
You are too large for most types of armour.
You have claws for hands.
Your metabolism is lightning-fast.
You like to eat raw meat.
You heal very quickly.


Message History

You barely miss the white ugly thing.
The white ugly thing completely misses you.
You barely miss the white ugly thing. The white ugly thing tail-slaps you.
The white ugly thing freezes you!!!
You feel a terrible chill!
* * * LOW HITPOINT WARNING * * *
You impale the white ugly thing!!
The white ugly thing is heavily wounded.
The white ugly thing barely misses you.
The ogre mage gestures wildly while chanting.
The ogre mage blinks!
You slash the white ugly thing!
The white ugly thing is severely wounded.
The white ugly thing misses you.
The white ugly thing closely misses you.
You barely miss the white ugly thing.
The white ugly thing is severely wounded.
The white ugly thing tail-slaps you.
* * * LOW HITPOINT WARNING * * *
The white ugly thing freezes you!!!
You feel a terrible chill!
You die...

.##..###..#......#
###..###..'...#..#
#...##.[#...#..#
#>..##..#...#..#
#########......#
#..........#
#.##...###.#
#..........#
#.........@######
#....######u....#
###### #O#ยง..#
#.#...# #.....#
......# ..###..
...# ... ...# ....


You could see a white ugly thing and a two-headed ogre.

Vanquished Creatures
  Gastronok (D:10)
  Erolcha (Orc)
  Psyche (D:10)
  2 two-headed ogres
  4 orc knights
  Pikel (D:6)
  A cyclops (D:10)
  2 ugly things
  Maurice (D:8)
  A freezing wraith (D:10)
  2 trolls (D:11)
  7 slime creatures
  A wyvern (D:7)
  A vampire (D:8)
  A hungry ghost (D:5)
  A spriggan (D:9)
  18 yaks
  2 basilisks (D:9)
  Menkaure (D:7)
  3 crocodiles (D:9)
  3 porcupines (D:9)
  6 orc warriors
  A black bear (D:10)
  A phantom (D:4)
  3 sky beasts
  A slave (D:6)
  6 ogres
  2 ice beasts
  4 boggarts (D:11)
  2 centaurs
  The ghost of dscm the Magician, an amateur OpAc (D:3)
  8 bullfrogs
  2 big kobolds
  A gnoll sergeant (Orc)
  A water moccasin zombie (D:4)
  A wyvern skeleton (D:7)
  2 scorpions (D:6)
  5 wights (D:11)
  5 killer bees (D:8)
  3 howler monkeys
  The ghost of dscm the Chopper, a weakling OpAc of Sif Muna (D:3)
  A centaur zombie (D:6)
  2 crimson imps
  2 jellies
  6 orc priests
  7 hounds
  A centaur skeleton (D:6)
  9 orc wizards
  A bullfrog skeleton (D:5)
  3 iguanas
  Natasha (thrice) (D:3)
  A killer bee zombie (D:6)
  5 worker ants
  A hound zombie (D:5)
  A hound skeleton (D:4)
  Robin (D:4)
  8 gnolls
  12 adders
  2 shadow imps
  An adder zombie (D:7)
  An adder skeleton (D:8)
  3 worms
  3 dart slugs
  The ghost of dscm the Sneak, a weakling OpAc (D:3)
  6 leopard geckos
  44 orcs
  A ball python (D:1)
  4 bats (D:2)
  3 giant cockroaches
  11 goblins
  14 hobgoblins
  11 jackals
  15 kobolds
  A quokka (D:3)
  8 frilled lizards
  2 jackal skeletons
  4 rats (D:1)
310 creatures vanquished.

Vanquished Creatures (others)
  A withered plant (D:3)
1 creature vanquished.

Grand Total: 311 creatures vanquished

Notes
Turn   | Place    | Note
-------+----------+-------------------------------------------
     0 | D:1      | Trollboi the Troll Berserker began the quest for the Orb.
     0 | D:1      | Reached XP level 1. HP: 22/22 MP: 0/0
   147 | D:1      | Reached XP level 2. HP: 26/29 MP: 1/1
   920 | D:2      | Reached XP level 3. HP: 32/36 MP: 2/2
  1015 | D:2      | Identified the ring "Bowumus" {Fire Str+4}
  1081 | D:2      | Reached ** piety under Trog
  1545 | D:3      | Noticed Natasha
  1551 | D:3      | Killed Natasha
  1551 | D:3      | Gained mutation: Your natural rate of healing is unusually
                  | fast. [Troll growth]
  1551 | D:3      | Reached XP level 4. HP: 34/45 MP: 3/3
  1606 | D:3      | Found a runed translucent gate.
  1607 | D:3      | Found a runed translucent gate.
  1607 | D:3      | Found a runed translucent gate.
  1608 | D:3      | Noticed dscm's ghost (weakling OpAc)
  1609 | D:3      | Noticed dscm's ghost (amateur OpAc)
  1609 | D:3      | Noticed dscm's ghost (weakling OpAc)
  1727 | D:3      | Reached skill level 1 in Throwing
  1909 | D:3      | Found a glowing golden altar of the Shining One.
  1934 | D:3      | Reached XP level 5. HP: 44/53 MP: 4/4
  1987 | D:3      | Reached *** piety under Trog
  1992 | D:3      | Reached XP level 6. HP: 49/61 MP: 5/5
  2057 | D:3      | Noticed Natasha
  2060 | D:3      | Killed Natasha
  2154 | D:3      | Noticed Natasha
  2157 | D:3      | Killed Natasha
  2340 | D:3      | Killed dscm's ghost
  2342 | D:3      | Killed dscm's ghost
  2344 | D:3      | Killed dscm's ghost
  2444 | D:4      | Reached XP level 7. HP: 51/68 MP: 6/6
  2487 | D:4      | Reached skill level 5 in Unarmed Combat
  2591 | D:4      | Reached skill level 1 in Evocations
  2600 | D:4      | Noticed Robin
  2628 | D:4      | Killed Robin
  2909 | D:5      | Entered Level 5 of the Dungeon
  2910 | D:5      | Found Jauredo's Gadget Boutique.
  2925 | D:5      | Noticed a hungry ghost
  2937 | D:5      | Killed a hungry ghost
  2937 | D:5      | Reached XP level 8. HP: 76/79 MP: 8/8
  3005 | D:5      | Found a burning altar of Makhleb.
  3005 | D:5      | Noticed an Executioner
  3008 | D:5      | Noticed an orange demon
  3119 | D:5      | Reached **** piety under Trog
  3313 | D:5      | Found a staircase to the Ecumenical Temple.
  3736 | D:6      | Reached skill level 5 in Fighting
  3736 | D:6      | Reached skill level 5 in Dodging
  3908 | D:6      | Found a shadowy altar of Dithmenos.
  3964 | D:6      | Noticed Pikel
  3995 | D:6      | Killed Pikel
  3995 | D:6      | Reached XP level 9. HP: 77/88 MP: 8/10
  4083 | D:5      | Reached ***** piety under Trog
  4236 | D:6      | Found Yhilousi's Jewellery Shop.
  4252 | D:6      | Found an iron altar of Okawaru.
  4504 | D:7      | Reached skill level 5 in Throwing
  4519 | D:7      | Noticed Menkaure
  4526 | D:7      | Killed Menkaure
  4578 | D:7      | Received a gift from Trog
  4804 | D:7      | Found Ruhauff's General Store.
  4811 | D:7      | Bought a potion of curing for 35 gold pieces
  4811 | D:7      | Bought a scroll of identify for 28 gold pieces
  4811 | D:7      | Bought a scroll of identify for 28 gold pieces
  5493 | D:8      | Noticed Maurice
  5504 | D:8      | Paralysed by something for 4 turns
  5530 | D:8      | Killed Maurice
  5594 | D:8      | Reached XP level 10. HP: 98/98 MP: 11/11
  6168 | D:9      | Noticed a two-headed ogre
  6178 | D:9      | Killed a two-headed ogre
  6369 | D:9      | Found a staircase to the Lair.
  6402 | D:9      | Reached XP level 11. HP: 74/110 MP: 12/12
  6477 | D:9      | Noticed a red ugly thing
  6481 | D:9      | Killed a red ugly thing
  6565 | D:9      | Found a runed translucent gate.
  6565 | D:9      | Found a runed translucent gate.
  6568 | D:9      | Found a runed translucent gate.
  6568 | D:9      | Noticed Artagas's ghost (novice DsGl)
  6666 | D:9      | Got a crystal halberd
  6667 | D:9      | Identified the +5 halberd of Brutal Revenge {chop, Dex+6
                  | SInv Stlth-} (You found it on level 9 of the Dungeon)
  7022 | D:10     | Entered Level 10 of the Dungeon
  7029 | D:9      | Reached skill level 1 in Polearms
  7188 | D:10     | Noticed a two-headed ogre
  7195 | D:10     | Killed a two-headed ogre
  7256 | D:10     | Found a glowing golden altar of the Shining One.
  7515 | D:10     | Noticed Gastronok
  7547 | D:10     | Killed Gastronok
  7547 | D:10     | Received a gift from Trog
  7547 | D:10     | Reached skill level 5 in Polearms
  7590 | D:10     | Noticed an orc knight
  7591 | D:10     | Noticed an orc knight
  7592 | D:10     | Noticed an orc knight
  7593 | D:10     | Noticed an orc knight
  7703 | D:10     | Noticed a cyclops
  7704 | D:10     | Killed a cyclops
  7758 | D:10     | Noticed Psyche
  7769 | D:10     | Killed Psyche
  7769 | D:10     | Gained mutation: You heal very quickly. [Troll growth]
  7769 | D:10     | Reached XP level 12. HP: 122/122 MP: 13/13
  8085 | D:10     | Found a staircase to the Orcish Mines.
  8192 | Orc      | Entered the Orcish Mines
  8192 | Orc      | Noticed Erolcha
  8196 | Orc      | Killed Erolcha
  8429 | Orc      | Noticed an orc high priest
  8987 | D:11     | Received a gift from Trog
  9181 | D:11     | Noticed a two-headed ogre
  9183 | D:11     | Noticed an ogre mage
  9194 | D:11     | Mangled by a white ugly thing

Skill      XL: |  1  2  3  4  5  6  7  8  9 10 11 12 |
---------------+-------------------------------------+-----
Fighting       | 3 4 5 6 7 8 9 |  9.4
Dodging        | 3 4 5 6 7 8 |  8.9
Throwing       | 1 2 3 4 5 6 7 |  7.0
Unarmed Combat | 4 5 6 7 8 9 |  9.1
Evocations     | 1 2 3 |  3.5
Polearms       | 5 7 |  7.2

Action                   |  1- 3 |  4- 6 |  7- 9 | 10-12 || total
-------------------------+-------+-------+-------+-------++-------
Melee: Unarmed           |    99 |   136 |   282 |   133 ||   650
       Punch             |     1 |     1 |    10 |     9 ||    21
       Halberd           |       |       |       |   248 ||   248
 Fire: Longbow           |       |       |     4 |       ||     4
Throw: Stone             |       |    12 |    21 |       ||    33
       Large rock        |       |       |    19 |    49 ||    68
       Javelin           |       |       |       |    17 ||    17
Invok: Berserk           |       |     1 |     1 |    14 ||    16
       Trog's Hand       |       |     1 |       |     1 ||     2
       Brothers in Arms  |       |       |       |     2 ||     2
Evoke: Wand              |       |       |       |     1 ||     1
  Use: Scroll            |       |       |    13 |     7 ||    20
       Potion            |       |       |       |     2 ||     2
 Stab: Sleeping          |       |     2 |     1 |     1 ||     4
  Eat: Chunk             |    17 |     9 |    33 |    46 ||   105
Armor: Skin              |    33 |    28 |    75 |    90 ||   226
Dodge: Dodged            |    41 |    48 |   152 |   270 ||   511
